| TOP OF THE 1ST |
|
Richmond Braves batting - Pitching for Columbus Jets : RHP Sven Lamberts
|
|
Pitching: RHP Sven Lamberts
|
|
|
Batting: RHB Dave Stegman
|
0-0: Ball 1-0: Swinging Strike 1-1: Swinging Strike 1-2: Ball 2-2: Strikes out swinging
|
|
Batting: RHB Mike Fuentes
|
0-0: Ball 1-0: Ball 2-0: Called Strike 2-1: Ball 3-1: Foul Ball, location: 2F 3-2: Base on Balls
|
|
Batting: SHB Howard Johnson
|
0-0: Called Strike 0-1: Ball 1-1: Ball 2-1: Ball 3-1: Fielders Choice at 2nd, 4-6 (Groundball, 34, EV 82.5 MPH)
|
|
Batting: LHB Chris Evans
|
0-0: Ball 1-0: Ball Howard Johnson steals 2nd base 2-0: Ball 3-0: Called Strike 3-1: Called Strike 3-2: Ground out 4-3 (Groundball, 4, EV 83.8 MPH)
|
| Top of the 1st over - 0 runs, 0 hits, 0 errors, 1 left on base; Richmond 0 - Columbus 0 |
| BOTTOM OF THE 1ST |
|
Columbus Jets batting - Pitching for Richmond Braves : LHP Danny Jaster
|
|
Pitching: LHP Danny Jaster
|
|
|
Batting: LHB Craig Brooks
|
0-0: Ball 1-0: Fly out, F7 (Flyball, 7, EV 98.1 MPH)
|
|
Batting: RHB Greg Schultz
|
0-0: Ground out 4-3 (Groundball, 4MD, EV 105.0 MPH)
|
|
Batting: RHB Danny Tartabull
|
0-0: Called Strike 0-1: Swinging Strike 0-2: Foul Ball, location: 2F 0-2: Strikes out swinging
|
| Bottom of the 1st over - 0 runs, 0 hits, 0 errors, 0 left on base; Richmond 0 - Columbus 0 |
| TOP OF THE 2ND |
|
Richmond Braves batting - Pitching for Columbus Jets : RHP Sven Lamberts
|
|
Batting: RHB John Freitas
|
0-0: Called Strike 0-1: Foul Ball, location: 2F 0-2: Foul Ball, location: 2F 0-2: Ball 1-2: Reached on error, E6 (Groundball, 56D, EV 101.3 MPH)
|
|
Batting: LHB Max Venable
|
0-0: Called Strike 0-1: Foul Ball, location: 2F 0-2: Strikes out swinging
|
|
Batting: SHB Donnie Scott
|
0-0: Ball 1-0: Foul Ball, location: 2F 1-1: Ball 2-1: Fly out, F5 (Popup, 6S, EV 84.4 MPH)
|
|
Batting: SHB Julio Cruz
|
0-0: Called Strike 0-1: Ball 1-1: Called Strike 1-2: Ball 2-2: Fielders Choice at 2nd, 6-4 (Groundball, 56D, EV 95.0 MPH)
|
| Top of the 2nd over - 0 runs, 0 hits, 1 error, 1 left on base; Richmond 0 - Columbus 0 |
| BOTTOM OF THE 2ND |
|
Columbus Jets batting - Pitching for Richmond Braves : LHP Danny Jaster
|
|
Batting: LHB Larry Sheets
|
0-0: Ball 1-0: Ground out 4-3 (Groundball, 34, EV 86.3 MPH)
|
|
Batting: RHB Jim Maler
|
0-0: Called Strike 0-1: DOUBLE (Line Drive, 78D, EV 108.1 MPH)
|
|
Batting: RHB Michael Ventress
|
0-0: Called Strike 0-1: Ball 1-1: Fly out, F9 (Flyball, 9LM, EV 103.1 MPH) Runner from 2nd tags up, SAFE at 3rd, no throw by RF
|
|
Batting: RHB Glenn Goya
|
0-0: Ball 1-0: Called Strike 1-1: Ball 2-1: Ball 3-1: Ground out 6-3 (Groundball, 6, EV 88.1 MPH)
|
| Bottom of the 2nd over - 0 runs, 1 hit, 0 errors, 1 left on base; Richmond 0 - Columbus 0 |
| TOP OF THE 3RD |
|
Richmond Braves batting - Pitching for Columbus Jets : RHP Sven Lamberts
|
|
Batting: RHB Mark Naehring
|
0-0: Ball 1-0: Swinging Strike 1-1: Called Strike 1-2: Ball 2-2: Ground out 5-3 (Groundball, 5L, EV 91.9 MPH)
|
|
Batting: RHB Dave Stegman
|
0-0: Foul Ball, location: 2F 0-1: Swinging Strike 0-2: Strikes out swinging
|
|
Batting: RHB Mike Fuentes
|
0-0: Foul Ball, location: 2F 0-1: Ground out 5-3 (Groundball, 56S, EV 85.6 MPH)
|
| Top of the 3rd over - 0 runs, 0 hits, 0 errors, 0 left on base; Richmond 0 - Columbus 0 |
| BOTTOM OF THE 3RD |
|
Columbus Jets batting - Pitching for Richmond Braves : LHP Danny Jaster
|
|
Batting: RHB Ray Smith
|
0-0: Ball 1-0: Foul Ball, location: 2F 1-1: Fly out, F3 (Line Drive, 3, EV 63.1 MPH)
|
|
Batting: RHB Jackie Gutierrez
|
0-0: Ball 1-0: Ground out 5-3 (Groundball, 56, EV 108.1 MPH)
|
|
Batting: LHB Craig Brooks
|
0-0: Swinging Strike 0-1: Ball 1-1: Swinging Strike 1-2: Strikes out looking
|
| Bottom of the 3rd over - 0 runs, 0 hits, 0 errors, 0 left on base; Richmond 0 - Columbus 0 |
| TOP OF THE 4TH |
|
Richmond Braves batting - Pitching for Columbus Jets : RHP Sven Lamberts
|
|
Batting: SHB Howard Johnson
|
0-0: Foul Ball, location: 2F 0-1: TRIPLE (Flyball, 89XD, EV 101.9 MPH)
|
|
Batting: LHB Chris Evans
|
0-0: Reached on error, E5 (Groundball, 56S, EV 91.3 MPH) Howard Johnson scores
|
|
Batting: RHB John Freitas
|
0-0: DOUBLE (Flyball, 78XD, EV 105.0 MPH) Chris Evans to third
|
|
Batting: LHB Max Venable
|
0-0: Called Strike 0-1: Fly out, F6 (Popup, P, EV 73.1 MPH)
|
|
Batting: SHB Donnie Scott
|
0-0: Foul Ball, location: 2F 0-1: Swinging Strike 0-2: Foul Ball, location: 2F 0-2: Foul Ball, location: 2F 0-2: Ball 1-2: Ball 2-2: Foul Ball, location: 2F 2-2: Foul Ball, location: 2F 2-2: Strikes out swinging
|
|
Batting: SHB Julio Cruz
|
0-0: Ball 1-0: Foul Ball, location: 2F 1-1: Ground out U3 (Groundball, 13, EV 90.0 MPH)
|
| Top of the 4th over - 1 run, 2 hits, 1 error, 2 left on base; Richmond 1 - Columbus 0 |
| BOTTOM OF THE 4TH |
|
Columbus Jets batting - Pitching for Richmond Braves : LHP Danny Jaster
|
|
Batting: RHB Greg Schultz
|
0-0: Called Strike 0-1: Ball 1-1: DOUBLE (Flyball, 8LXD, EV 108.1 MPH)
|
|
Batting: RHB Danny Tartabull
|
0-0: Called Strike 0-1: Foul Ball, location: 2F 0-2: SINGLE (Groundball, 56D, EV 103.8 MPH) Greg Schultz to third Runner from 3rd tries for Home, SAFE, throw by LF to home Danny Tartabull to second
|
|
Batting: LHB Larry Sheets
|
0-0: Called Strike 0-1: Foul Ball, location: 2F 0-2: Ball 1-2: Fly out, F6 (Popup, 6, EV 75.0 MPH)
|
|
Batting: RHB Jim Maler
|
0-0: Ground out 4-3 (Groundball, 4, EV 83.8 MPH) Danny Tartabull to third
|
|
Batting: RHB Michael Ventress
|
0-0: Foul Ball, location: 2F 0-1: Foul Ball, location: 2F 0-2: Ground out 1-3 (Groundball, P, EV 68.1 MPH)
|
| Bottom of the 4th over - 1 run, 2 hits, 0 errors, 1 left on base; Richmond 1 - Columbus 1 |
| TOP OF THE 5TH |
|
Richmond Braves batting - Pitching for Columbus Jets : RHP Sven Lamberts
|
|
Batting: RHB Mark Naehring
|
0-0: Ball 1-0: Swinging Strike 1-1: Ball 2-1: Foul Ball, location: 2F 2-2: Ball 3-2: Strikes out looking
|
|
Batting: RHB Dave Stegman
|
0-0: Ball 1-0: Ball 2-0: Swinging Strike 2-1: Foul Ball, location: 2F 2-2: Ball 3-2: Strikes out swinging
|
|
Batting: RHB Mike Fuentes
|
0-0: Ground out 6-3 (Groundball, 6MD, EV 91.3 MPH)
|
| Top of the 5th over - 0 runs, 0 hits, 0 errors, 0 left on base; Richmond 1 - Columbus 1 |
| BOTTOM OF THE 5TH |
|
Columbus Jets batting - Pitching for Richmond Braves : LHP Danny Jaster
|
|
Batting: RHB Glenn Goya
|
0-0: Ball 1-0: Ball 2-0: Ground out 1-3 (Groundball, P, EV 70.0 MPH)
|
|
Batting: RHB Ray Smith
|
0-0: Ball 1-0: SINGLE (Line Drive, 8RS, EV 90.0 MPH)
|
|
Batting: RHB Jackie Gutierrez
|
0-0: Called Strike Ray Smith steals 2nd base 0-1: Ground out 5-3 (Groundball, 56, EV 104.4 MPH)
|
|
Batting: LHB Craig Brooks
|
0-0: Called Strike 0-1: Foul Ball, location: 2F 0-2: SINGLE (Line Drive, 9LS, EV 106.9 MPH) Ray Smith to third Runner from 3rd tries for Home, SAFE, throw by RF to home
|
|
Batting: RHB Greg Schultz
|
0-0: Called Strike 0-1: Ball 1-1: Called Strike Craig Brooks steals 2nd base 1-2: Foul Ball, location: 2F 1-2: Reached on error, E6 (Groundball, 6, EV 100.0 MPH) Craig Brooks to third
|
|
Batting: RHB Danny Tartabull
|
0-0: Fly out, F1 (Line Drive, P, EV 69.4 MPH)
|
| Bottom of the 5th over - 1 run, 2 hits, 1 error, 2 left on base; Richmond 1 - Columbus 2 |
| TOP OF THE 6TH |
|
Richmond Braves batting - Pitching for Columbus Jets : RHP Sven Lamberts
|
|
Batting: SHB Howard Johnson
|
0-0: Called Strike 0-1: Fly out, F6 (Line Drive, 6, EV 69.4 MPH)
|
|
Batting: LHB Chris Evans
|
0-0: Swinging Strike 0-1: Foul Ball, location: 2F 0-2: Ground out 1-3 (Groundball, P, EV 62.5 MPH)
|
|
Batting: RHB John Freitas
|
0-0: Swinging Strike 0-1: Ball 1-1: Ball 2-1: Called Strike 2-2: Ball 3-2: Foul Ball, location: 2F 3-2: Ground out 6-3 (Groundball, 6, EV 86.3 MPH)
|
| Top of the 6th over - 0 runs, 0 hits, 0 errors, 0 left on base; Richmond 1 - Columbus 2 |
| BOTTOM OF THE 6TH |
|
Columbus Jets batting - Pitching for Richmond Braves : LHP Danny Jaster
|
|
Batting: LHB Larry Sheets
|
0-0: Fly out, F9 (Flyball, 9, EV 81.3 MPH)
|
|
Batting: RHB Jim Maler
|
0-0: Ball 1-0: Fly out, F8 (Flyball, 8LXD, EV 102.5 MPH)
|
|
Batting: RHB Michael Ventress
|
0-0: Ball 1-0: Ground out 5-3 (Groundball, 5L, EV 88.1 MPH)
|
| Bottom of the 6th over - 0 runs, 0 hits, 0 errors, 0 left on base; Richmond 1 - Columbus 2 |
| TOP OF THE 7TH |
|
Richmond Braves batting - Pitching for Columbus Jets : RHP Sven Lamberts
|
|
Batting: LHB Max Venable
|
0-0: Called Strike 0-1: Foul Ball, location: 2F 0-2: Ball 1-2: Ball 2-2: Ground out U3 (Groundball, 3, EV 101.3 MPH)
|
|
Batting: SHB Donnie Scott
|
0-0: Called Strike 0-1: Ball 1-1: Ball 2-1: Called Strike 2-2: SINGLE (Groundball, 6D, EV 94.4 MPH)
|
|
Pinch Hitting: LHB Dan Rohn
|
0-0: Ball 1-0: Called Strike 1-1: Swinging Strike 1-2: Ball 2-2: Foul Ball, location: 2F 2-2: Strikes out swinging
|
|
Pinch Hitting: LHB Tracy Dophied
|
0-0: Ball 1-0: Ball 2-0: Foul Ball, location: 2F 2-1: Fly out, F7 (Flyball, 78S, EV 89.4 MPH)
|
| Top of the 7th over - 0 runs, 1 hit, 0 errors, 1 left on base; Richmond 1 - Columbus 2 |
| BOTTOM OF THE 7TH |
|
Columbus Jets batting - Pitching for Richmond Braves : LHP Danny Jaster
|
|
Now at 1B: Marty Scott
|
|
|
Now at 2B: Dan Rohn
|
|
|
Batting: RHB Glenn Goya
|
0-0: Ball 1-0: Called Strike 1-1: SOLO HOME RUN (Flyball, 7LD, EV 91.3 MPH), Distance : 347 ft
|
|
Batting: RHB Ray Smith
|
0-0: Ball 1-0: Ball 2-0: Ball 3-0: Called Strike 3-1: Foul Ball, location: 2F 3-2: Foul Ball, location: 2F 3-2: Ground out 5-3 (Groundball, 5S, EV 86.3 MPH)
|
|
Batting: RHB Jackie Gutierrez
|
0-0: Called Strike 0-1: Ball 1-1: Fly out, F8 (Flyball, 8RD, EV 101.3 MPH)
|
|
Batting: LHB Craig Brooks
|
0-0: Called Strike 0-1: Ball 1-1: Fly out, F8 (Flyball, 8RS, EV 90.0 MPH)
|
| Bottom of the 7th over - 1 run, 1 hit, 0 errors, 0 left on base; Richmond 1 - Columbus 3 |
| TOP OF THE 8TH |
|
Richmond Braves batting - Pitching for Columbus Jets : RHP Sven Lamberts
|
|
Now at 2B: Enrique Collado
|
|
|
Now in RF: Dave Bialas
|
|
|
Batting: RHB Dave Stegman
|
0-0: Ball 1-0: Foul Ball, location: 2F 1-1: Foul Ball, location: 2F 1-2: Strikes out swinging
|
|
Batting: RHB Mike Fuentes
|
0-0: Ball 1-0: Ground out 5-3 (Groundball, 56S, EV 81.3 MPH)
|
|
Batting: SHB Howard Johnson
|
0-0: Fly out, F7 (Flyball, 7S, EV 86.9 MPH)
|
| Top of the 8th over - 0 runs, 0 hits, 0 errors, 0 left on base; Richmond 1 - Columbus 3 |
| BOTTOM OF THE 8TH |
|
Columbus Jets batting - Pitching for Richmond Braves : LHP Danny Jaster
|
|
Pitching: LHP Richard Mahlmann
|
|
|
Batting: RHB Greg Schultz
|
0-0: Ball 1-0: Swinging Strike 1-1: Foul Ball, location: 2F 1-2: Fly out, F8 (Flyball, 8RM, EV 89.4 MPH)
|
|
Batting: RHB Danny Tartabull
|
0-0: Called Strike 0-1: Ground out 5-3 (Groundball, 56S, EV 81.3 MPH)
|
|
Batting: RHB Dave Bialas
|
0-0: Ball 1-0: Swinging Strike 1-1: Foul Ball, location: 2F 1-2: Ball 2-2: Fly out, F8 (Line Drive, 8RM, EV 99.4 MPH)
|
| Bottom of the 8th over - 0 runs, 0 hits, 0 errors, 0 left on base; Richmond 1 - Columbus 3 |
| TOP OF THE 9TH |
|
Richmond Braves batting - Pitching for Columbus Jets : RHP Sven Lamberts
|
|
Pitching: RHP Owen Foley
|
|
|
Now at 3B: Paul Gbur
|
|
|
Batting: LHB Chris Evans
|
0-0: Fly out, F9 (Flyball, 9LM, EV 90.6 MPH)
|
|
Batting: RHB John Freitas
|
0-0: Ball 1-0: Foul Ball, location: 2F 1-1: Ball 2-1: Ball 3-1: Foul Ball, location: 2F 3-2: Foul Ball, location: 2F 3-2: Ground out 6-3 (Groundball, 6S, EV 90.0 MPH)
|
|
Batting: LHB Max Venable
|
0-0: Ball 1-0: Ball 2-0: Ground out 5-3 (Groundball, 25, EV 83.8 MPH)
|
| Top of the 9th over - 0 runs, 0 hits, 0 errors, 0 left on base; Richmond 1 - Columbus 3 |
|